 Dungeon Crawl Stone Soup version 0.29.1-15-g9cfb28693d (webtiles) character file.

Game seed: 8520140525124209086

345131 PorkyPig the Eclecticist (level 22, -21/115 HPs)
             Began as a Gargoyle Earth Elementalist on Feb 20, 2023.
             Was the Champion of Hepliaklqana.
             Killed from afar by a crystal guardian (36 damage)
             ... with a crystal bolt
             ... led by a peacekeeper
             ... on level 2 of the Vaults on Feb 28, 2023.
             The game lasted 18:39:04 (60805 turns).

PorkyPig the Eclecticist (GrEE)                    Turns: 60805, Time: 18:39:06

Health: -21/115    AC: 39    Str: 15    XL:     22   Next: 9%
Magic:  17/46      EV: 18    Int: 26    God:    Hepliaklqana [******]
Gold:   2461       SH:  0    Dex: 18    Spells: 4/62 levels left

rFire   . . .      SeeInvis .   H - +5 arbalest "Spiderbane" {flame, rElec rPois Str-5}
rCold   . . .      Faith    .   (shield currently unavailable)
rNeg    + + .      Spirit   .   c - quicksilver dragon scales "Gyin" {Will+ rCorr}
rPois   ∞          Reflect  .   D - +1 hat of Lucidity {Int+5}
rElec   +          Harm     .   F - +2 cloak of the Leaf {Str+6}
rCorr   +          Rampage  .   O - +2 pair of gloves {Stlth+}
Will    ++...                   g - +2 pair of boots "Quacwoma" {rN+}
Stlth   ++++......              B - amulet of Hard Scrabble {Regen+ Dex+4}
HPRegen 1.09/turn               P - +4 ring of evasion
MPRegen 0.30/turn               T - ring of wizardry

@: flying
A: reduced essence, sickness immunity, AC +16, big wings, negative energy
resistance 1, electricity resistance, torment resistance 1, petrification
resistance
}: 2/15 runes: barnacled, gossamer
a: Renounce Religion, Recall Ancestor, Ancestor Identity, Transference, Idealise


You were on level 2 of the Vaults.
You worshipped Hepliaklqana.
Hepliaklqana was exalted by your worship.
You visited 9 branches of the dungeon, and saw 37 of its levels.
You also visited: Gauntlet and Ice Cave.

You collected 5677 gold pieces.
You spent 3216 gold pieces at shops.

Inventory:

Hand Weapons
 a - a +2 trident of flaming
 h - the +6 sling of the Madman {flame, rF+}
   (You bought it in a shop on level 2 of the Elven Halls)

   Any ammunition fired from it burns those it strikes, dealing additional fire
   damage.
   rF:        It protects you from fire.
 m - the +4 morningstar of Intuition {protect, rElec rF+ rN+}
   (You took it off a deep elf elementalist on level 3 of the Elven Halls)

   It grants its wielder temporary protection when it strikes (+7 to AC).
   rF:        It protects you from fire.
   rElec:     It insulates you from electricity.
   rN:        It protects you from negative energy.
 p - a +1 shortbow of freezing
 r - a +6 flail of holy wrath
 w - the +8 whip "Snakebite" {venom, curare, rPois}
   (You took it off Amaemon on level 1 of the Lair of Beasts)

   It poisons the flesh of those it strikes.
   It occasionally inflicts asphyxiating poison on those it strikes, dealing
   poison damage and causing slowness.
   rPois:     It protects you from poison.
 A - the +7 hand axe of Defence {vamp, *Noise rCorr Str+8 Int-4}
   (You bought it in a shop on level 2 of the Orcish Mines)

   It occasionally heals its wielder for a portion of the damage dealt when it
   wounds a living foe.
   Str:       It affects your strength (+8).
   Int:       It affects your intelligence (-4).
   *Noise:    It may make noises in combat.
   rCorr:     It protects you from acid and corrosion.
 H - the +5 arbalest "Spiderbane" (weapon) {flame, rElec rPois Str-5}
   (You took it off a minotaur in a Gauntlet)

   Any ammunition fired from it burns those it strikes, dealing additional fire
   damage.
   Str:       It affects your strength (-5).
   rElec:     It insulates you from electricity.
   rPois:     It protects you from poison.
 L - a +4 battleaxe of freezing
Armour
 c - the quicksilver dragon scales "Gyin" (worn) {Will+ rCorr}
   (You bought it in a shop on level 9 of the Dungeon)

   rCorr:     It protects you from acid and corrosion.
   Will:      It increases your willpower.
 g - the +2 pair of boots "Quacwoma" (worn) {rN+}
   (You acquired it on level 4 of the Dungeon)

   rN:        It protects you from negative energy.
 D - the +1 hat of Lucidity (worn) {Int+5}
   (You found it on level 4 of the Spider Nest)

   Int:       It affects your intelligence (+5).
 F - the +2 cloak of the Leaf (worn) {Str+6}
   (You acquired it on level 5 of the Dungeon)

   Str:       It affects your strength (+6).
 O - a +2 pair of gloves of stealth (worn)
Jewellery
 b - a +6 ring of dexterity
 d - a ring of positive energy
 u - a ring of protection from cold
 y - a ring of willpower
 B - the amulet of Hard Scrabble (around neck) {Regen+ Dex+4}
   (You took it off a merfolk javelineer on level 4 of the Shoals)

   [amulet of regeneration]

   Dex:       It affects your dexterity (+4).
   Regen:     It increases your rate of health regeneration.
 J - a ring of see invisible
 P - a +4 ring of evasion (left hand)
 Q - an amulet of reflection
 S - the ring of the Past {Fire rPois Dex+3}
   (You took it off a deep elf knight on level 3 of the Elven Halls)

   [ring of fire]

   It enhances your fire magic.
   Dex:       It affects your dexterity (+3).
   rF:        It protects you from fire.
   rC:        It makes you vulnerable to cold.
   rPois:     It protects you from poison.
 T - a ring of wizardry (right hand)
Wands
 o - a wand of digging (11)
 s - a wand of mindburst (2) (quivered)
 v - a wand of light (20)
 x - a wand of iceblast (17)
 C - a wand of charming (10)
 K - a wand of polymorph (17)
 N - a wand of flame (41)
Scrolls
 j - 5 scrolls of fear
 k - 5 scrolls of poison
 l - 8 scrolls of vulnerability
 q - 23 scrolls of teleportation
 t - a scroll of magic mapping
 E - 7 scrolls of immolation
 R - 2 scrolls of blinking
 X - 3 scrolls of butterflies
Potions
 i - 4 potions of brilliance
 n - 12 potions of curing
 G - 3 potions of haste
 I - 6 potions of might
 M - 6 potions of invisibility
 V - a potion of magic
 W - 20 potions of ambrosia
 Y - 2 potions of heal wounds
 Z - 2 potions of resistance
Miscellaneous
 e - a phial of floods
 f - a condenser vane


   Skills:
 + Level 10.7 Fighting
 + Level 3.9(6.4) Axes
 + Level 8.2(8.7) Maces & Flails
 + Level 2.3(3.5) Polearms
 + Level 0.3(5.4) Staves
 + Level 12.9 Ranged Weapons
 + Level 2.4 Throwing
 + Level 6.9 Armour
 + Level 6.2 Dodging
 + Level 6.7 Stealth
 + Level 3.3 Shields
 * Level 20.6 Spellcasting
 * Level 12.5 Conjurations
 + Level 7.6 Hexes
 + Level 5.1 Translocations
 + Level 6.2 Transmutations
 + Level 0.2 Fire Magic
 + Level 1.2 Ice Magic
 + Level 4.0 Air Magic
 + Level 14.1 Earth Magic
 - Level 9.4 Poison Magic
 + Level 3.6 Evocations


You had 4 spell levels left.
You knew the following spells:

 Your Spells              Type           Power      Damage    Failure   Level
a - Sandblast             Erth           100%       2d20      0%          1
b - Stone Arrow           Conj/Erth      100%       3d13      1%          3
c - Olgreb's Toxic Radia  Pois           66%        N/A       1%          4
d - Tukima's Dance        Hex            61%        N/A       1%          3
e - Leda's Liquefaction   Hex/Erth       35%        N/A       1%          4
f - Portal Projectile     Hex/Tloc       100%       N/A       1%          3
g - Petrify               Tmut/Erth      68%        N/A       1%          4
h - Hailstorm             Conj/Ice       58%        3d13      1%          4
i - Passwall              Tmut/Erth      56%        N/A       1%          2
j - Alistair's Intoxicat  Tmut/Pois      40%        N/A       1%          5
k - Irradiate             Conj/Tmut      33%        3d22      1%          5
l - Passage of Golubria   Tloc           52%        N/A       1%          4
m - Yara's Violent Unrav  Hex/Tmut       29%        3d12      1%          5
n - Flame Wave            Conj/Fire      56%        2d13      1%          4
o - Swiftness             Air            47%        N/A       1%          3
p - Iskenderun's Mystic   Conj/Tloc      64%        2d13      1%          4

Your spell library contained the following spells:

 Spells                   Type           Power      Damage    Failure   Level
 Apportation              Tloc           100%       N/A       1%          1
 Beastly Appendage        Tmut           100%       N/A       1%          1
 Foxfire                  Conj/Fire      100%       2x1d9     1%          1
 Freeze                   Ice            100%       1d11      1%          1
 Shock                    Conj/Air       100%       1d9       1%          1
 Sting                    Tmut/Pois      100%       1d8       1%          1
 Poisonous Vapours        Pois/Air       100%       N/A       1%          2
 Scorch                   Fire           56%        2d8       1%          2
 Static Discharge         Conj/Air       63%        3-11/arc  1%          2
 Wereblood                Tmut           56%        N/A       1%          2
 Conjure Flame            Conj/Fire      56%        6-21      1%          3
 Frozen Ramparts          Ice            66%        1d10      1%          3
 Inner Flame              Hex/Fire       47%        N/A       1%          3
 Spider Form              Tmut/Pois      61%        N/A       1%          3
 Summon Guardian Golem    Hex/Summ       46%        N/A       1%          3
 Airstrike                Air            23%        2d(4-20)  2%          4
 Anguish                  Hex/Necr       23%        N/A       2%          4
 Call Canine Familiar     Summ           26%        N/A       3%          3
 Summon Lightning Spire   Summ/Air       37%        N/A       4%          4
 Animate Dead             Necr           26%        N/A       12%         4
 Borgnjor's Vile Clutch   Necr/Erth      29%        N/A       1%          5
 Lightning Bolt           Conj/Air       31%        1d48      1%          5
 Blade Hands              Tmut           28%        N/A       2%          5
 Freezing Cloud           Conj/Ice/Air   27%        6-21      2%          5
 Orb of Destruction       Conj           37%        9d11      6%          7
 Summon Forest            Summ/Tloc      20%        N/A       11%         5
 Starburst                Conj/Fire      28%        6d9       12%         6
 Lehudib's Crystal Spear  Conj/Erth      38%        10d10     28%         8
 Enfeeble                 Hex            30%        N/A       38%         7
 Spellforged Servitor     Conj/Summ      28%        N/A       56%         7
 Storm Form               Tmut/Air       26%        N/A       71%         7
 Simulacrum               Ice/Necr       15%        N/A       75%         6
 Death Channel            Necr           13%        N/A       83%         6
 Summon Cactus Giant      Summ           13%        N/A       83%         6
 Ozocubu's Refrigeration  Ice            16%        4d11      99%         7
 Ignition                 Fire           14%        3d6       100%        8
 Maxwell's Capacitive Co  Air            23%        ∞         100%        8
 Polar Vortex             Ice            16%        N/A       100%        9
 Sublimation of Blood     Necr           Unusable   N/A       N/A         2
 Statue Form              Tmut/Erth      Unusable   N/A       N/A         6

Dungeon Overview and Level Annotations

Branches:
Dungeon (15/15)            Temple (1/1) D:5            Lair (5/5) D:9
 Shoals (4/4) Lair:3       Spider (4/4) Lair:2        Slime (0/5) Lair:5
    Orc (2/2) D:11            Elf (3/3) Orc:2        Vaults (2/5) D:13
  Crypt (0/3) Vaults:2     Depths (1/4) D:15          IceCv (visited)
Gauntlet (visited)

Altars:
Ashenzari
Cheibriados
Dithmenos
Elyvilon
Fedhas
Gozag
Hepliaklqana
Kikubaaqudgha
Makhleb
Nemelex Xobeh
Okawaru
Qazlal
Ru
Sif Muna
Trog
Uskayaw
Vehumet
Wu Jian
Xom
Yredelemnul
Zin
The Shining One
Jiyva

Shops:
D:9 [   D:10 *   D:11 =   Orc:2 !(*!   Elf:2 (   Elf:3 *   Shoals:1 *
Vaults:1 (

Annotations:
D:5 1 runed translucent door, sigtrap's ghost, novice KoBr
D:15 3 runed translucent doors, Doiseav's ghost, weakling FoFi
Shoals:1 3 runed translucent doors, rhet's ghost, adept KoDe
Elf:3 1 exclusion


Innate Abilities, Weirdness & Mutations

Your life essence is reduced to manifest your ancestor. (-10% HP)
You are immune to sickness and miasma.
Your stone body is resilient. (AC +16)
You are immune to poison.
Your large and strong wings let you fly.
You resist negative energy. (rN+)
You are resistant to electric shocks. (rElec)
You are resistant to unholy torment.
You are immune to petrification.


Message History

A cannonade of hail descends around you!
The hail pelts the crystal guardian but does no damage.
The crystal guardian is moderately damaged.
The hail pelts the crystal guardian.
The crystal guardian partially resists.
The crystal guardian is moderately damaged.
The hail pelts the deep troll!!
The deep troll is heavily wounded.
The deep troll looks even sicker. x2
Kobeni hits the crystal guardian but does no damage.
The crystal guardian hits Kobeni.
The crystal guardian fires a crystalline bolt at you.
The crystal bolt freezes you!! x2
* * * LOW HITPOINT WARNING * * *
Kobeni hits the crystal guardian but does no damage.
You feel much better.
The deep troll looks as sick as possible!
The deep troll looks even sicker.
Kobeni hits the crystal guardian with a +0 broad axe of flaming.
The crystal guardian fires a crystalline bolt at you.
The crystal bolt burns Kobeni!
Kobeni resists.
The crystal bolt burns you!
* * * LOW HITPOINT WARNING * * *
An ironbound convoker comes into view.
It is wielding a +1 morningstar of protection.
Casting: Hailstorm (mildly dangerous; 1% risk of failure)
Confirm with . or Enter, or press ? or * to list all spells.
Aiming: Stone Arrow (safe; 1% risk of failure)
Press: ? - help, Shift-Dir - straight line, f - crystal guardian
Aim: a crystal guardian (moderately damaged, ally target, 100% to hit)
The stone arrow hits the deep troll!!
You kill the deep troll!
The ironbound convoker is poisoned.
Your toxic aura wanes.
Kobeni hits the crystal guardian with a +0 broad axe of flaming!!
The crystal guardian hits Kobeni!
The crystal guardian fires a crystalline bolt at you.
The crystal bolt burns you!
* * * LOW HITPOINT WARNING * * *
The crystal bolt burns you!!!
You die...

,*** *,,,*,,,* *,,,**
,********#p##############***,,,,,
*,,*,,,,,................,,,,,,,,
*,,+,,,,,................,,,,,,,,
,***,,,,,....)...........,,,,,,,,
,* *,,,,,....T...........,,,,,,,,
** *,,,,,......9.........,*******
*,,,,,.....9†R........,*,,,,,,
*,,,,,,######@######..,*,,,,,, **
*,,,,,,#...........#,,,*,,,,,,
,***,,,,,,#...........#,,,*,,,,,,
,,**,,,,,,#....<...)..#,,,*,,,,∩,
,,**,,,,,,#....).)....#,,,*,,,,,,
,,,*,,,,,,#......)....#,,,*,,,,,,
*,,+,,,,,,#...........#,,,*,,,,,,
*,,+,,,,,,#...........#,,,*,,,,,,
*,,*,,,,,,#############,,,*******


You could see the friendly Kobeni the knight (fast, reflecting), 2 crystal
guardians, a deep troll (extremely poisoned) and an ironbound convoker
(poisoned).

Vanquished Creatures
  Jorgrun (Spider:2)
  A deep elf blademaster (Elf:2)
  A deep elf master archer (Elf:3)
  Gastronok (D:10)
  Roxanne (Spider:3)
  Agnes (Spider:3)
  An orc warlord (Orc:1)
  2 deep elf sorcerers (Elf:3)
  A frost giant (IceCv)
  2 deep elf elementalists (Elf:3)
  3 ironbound preservers
  4 broodmothers
  2 very ugly things
  Nessos (Lair:5)
  3 deep elf demonologists
  An ironbound thunderhulk (Vaults:1)
  3 spark wasps
  2 entropy weavers
  3 deep elf annihilators (Elf:3)
  A minotaur (Gauntlet)
  4 merfolk javelineers (Shoals:4)
  A deep elf death mage (Elf:3)
  A yaktaur captain (Vaults:1)
  2 merfolk impalers
  Fannar (D:10)
  An ettin (Vaults:1)
  5 hydras
  A vault guard (D:13)
  A rakshasa (D:15)
  6 boulder beetles
  A jorogumo (Spider:1)
  4 radroaches
  An ogre mage (Vaults:1)
  11 centaur warriors
  A catoblepas (Lair:4)
  A merfolk avatar (Shoals:2)
  5 two-headed ogres
  4 ironbound frosthearts (Vaults:1)
  A satyr (Shoals:3)
  2 death yaks (Lair:1)
  A radroach (shapeshifter) (D:15)
  A merfolk aquamancer (Shoals:4)
  17 dancing weapons
  A death knight (D:14)
  A thrashing horror (Gauntlet)
  14 deep elf knights
  Sonja (D:13)
  A sun moth (Spider:4)
  Amaemon (Lair:1)
  2 pharaoh ants
  5 deep trolls
  A skeletal warrior (D:13)
  5 steelbarb worms
  A sixfirhy (D:14)
  Lodul (D:10)
  4 sea snakes
  5 orb spiders
  A glowing orange brain (D:15)
  A phantasmal warrior (D:14)
  5 harpies
  3 lindwurms
  6 deep elf archers
  Pikel (D:7)
  16 deep elf pyromancers
  22 deep elf zephyrmancers
  5 ironbound convokers (Vaults:1)
  3 manticores
  3 orc sorcerers (Orc:2)
  11 wolf spiders
  4 cyclopes
  11 ugly things
  4 fauns
  2 moths of wrath
  5 water nymphs
  A black mamba (Lair:3)
  Joseph (D:7)
  An ice statue (D:9)
  7 merfolk sirens
  3 vault sentinels (Vaults:1)
  2 smoke demons (D:14)
  6 elephants
  4 orange demons
  4 cane toads (Lair:5)
  8 torpor snails
  2 gargoyles
  13 rime drakes
  A kobold demonologist (D:12)
  A tengu conjurer (D:13)
  7 komodo dragons
  3 demonic crawlers
  A minotaur zombie (Gauntlet)
  2 yaktaurs (Vaults:1)
  An efreet (D:14)
  3 hellwings (D:14)
  3 wind drakes
  15 polar bears
  14 meliai
  10 merfolk
  A queen bee (Lair:4)
  6 trolls
  A meliai (shapeshifter) (D:15)
  18 tarantellas
  3 tyrant leeches (Lair:5)
  18 blink frogs
  7 hornets (Lair:5)
  A raiju (Lair:5)
  4 snapping turtles (Shoals:2)
  28 jumping spiders
  14 slime creatures
  Sigmund (D:2)
  12 culicivoras
  A shadow (D:12)
  A spriggan (Lair:1)
  A jumping spider (shapeshifter) (Elf:3)
  A vampire (D:11)
  2 air elementals
  12 yaks
  5 wyverns
  7 water elementals
  4 wraiths
  3 fire elementals
  6 humans (D:13)
  2 hogs (Spider:4)
  2 basilisks
  A redback simulacrum (D:15)
  2 steam dragons
  24 redbacks
  5 vampire mosquitoes
  6 wargs
  Edmund (D:5)
  7 water moccasins
  An acid dragon (D:11)
  9 hell hounds (Lair:5)
  13 black bears
  3 sky beasts
  2 ice beasts
  10 orc warriors
  3 boggarts (Vaults:1)
  16 centaurs
  7 ogres
  17 wolves
  A phantom (D:6)
  2 kobold brigands
  3 bullfrogs
  2 gnoll sergeants
  4 small abominations (Gauntlet)
  2 earth elementals
  2 scorpions
  4 wights (D:6)
  32 killer bees
  2 howler monkeys
  3 hounds
  11 orc priests
  2 jellies
  Natasha (thrice) (D:3)
  4 iguanas
  17 orc wizards
  Robin (D:3)
  8 adders
  8 gnolls
  A shadow imp (D:6)
  A white imp (D:5)
  2 ufetubi
  2 worms
  4 dart slugs
  44 orcs
  4 bats
  7 endoplasms
  4 giant cockroaches
  11 goblins
  6 hobgoblins
  6 jackals
  15 kobolds
  5 quokkas
  3 ball pythons
  A frilled lizard (D:1)
  6 rats
888 creatures vanquished.

Vanquished Creatures (collateral kills)
  A deep elf blademaster (Elf:3)
  A sphinx (Vaults:1)
  Kirke (Spider:4)
  A storm dragon (Shoals:4)
  An emperor scorpion (Spider:2)
  A frost giant (IceCv)
  7 ghost moths
  2 vault wardens (Vaults:1)
  3 deep elf elementalists (Elf:3)
  3 deep elf sorcerers
  An ironbound preserver (Vaults:1)
  2 broodmothers (Spider:4)
  A stone giant (Vaults:1)
  2 deep elf demonologists (Elf:3)
  A white draconian (IceCv)
  5 deep elf annihilators
  3 entropy weavers
  A spark wasp (Spider:4)
  3 deep elf death magi
  4 merfolk javelineers
  A deep elf high priest (Elf:3)
  A fire dragon (Lair:5)
  Erolcha (Orc:2)
  7 merfolk impalers
  Harold (D:10)
  An ice dragon (D:15)
  A peacekeeper (Vaults:2)
  A yaktaur captain (Vaults:1)
  3 hydras
  2 catoblepae
  A merfolk avatar (Shoals:1)
  A boulder beetle (D:15)
  5 ironbound frosthearts (IceCv)
  2 radroaches (Spider:3)
  A satyr (Shoals:3)
  A centaur warrior (Vaults:1)
  8 dancing weapons
  2 two-headed ogres
  Urug (Lair:5)
  5 slime creatures
  An orc high priest (Orc:2)
  2 tengu warriors (D:14)
  13 deep elf knights
  4 skeletal warriors (D:14)
  2 soul eaters (D:14)
  A sixfirhy (D:14)
  5 sea snakes
  3 pharaoh ants
  A sun moth (Spider:2)
  5 deep trolls
  2 steelbarb worms
  5 orb spiders (Spider:4)
  A wizard (Vaults:1)
  9 deep elf archers
  3 lindwurms (Vaults:1)
  4 ironbound convokers
  An orc knight (D:15)
  17 deep elf pyromancers
  8 deep elf zephyrmancers
  3 harpies
  9 wolf spiders
  8 ugly things
  An orc sorcerer (Orc:2)
  9 manticores
  2 merfolk sirens
  A moth of wrath (Spider:4)
  7 fauns
  2 elephants (Lair:5)
  3 vault sentinels (Vaults:1)
  4 water nymphs
  2 torpor snails (Lair:5)
  2 black mambas (Lair:3)
  3 cane toads
  A gargoyle (D:11)
  An efreet (D:14)
  2 demonic crawlers
  A minotaur zombie (Gauntlet)
  11 rime drakes (IceCv)
  3 yaktaurs
  4 komodo dragons
  3 trolls
  10 merfolk
  4 meliai
  10 polar bears
  5 wind drakes
  14 tarantellas
  A raiju (Lair:5)
  A tyrant leech (Lair:5)
  2 blink frogs
  5 snapping turtles
  10 jumping spiders
  6 air elementals (Shoals:4)
  13 culicivoras
  A wraith (D:14)
  3 yaks
  14 water elementals
  2 basilisks
  A hog (Spider:4)
  2 wyverns (Lair:1)
  A fire elemental (Elf:2)
  5 humans (D:13)
  19 redbacks
  2 vampire mosquitoes
  A chaos spawn (D:14)
  4 wargs
  4 hell hounds (Lair:5)
  2 water moccasins
  9 orc warriors
  5 black bears
  2 boggarts (Vaults:1)
  8 wolves
  2 centaurs (D:11)
  2 knights
  3 ogres
  A kobold brigand (D:10)
  A bullfrog (Lair:1)
  An earth elemental (Elf:1)
  4 killer bees (Lair:4)
  2 jellies (Gauntlet)
  6 orc priests
  7 orc wizards
  An ufetubus (D:7)
  8 orcs
  3 kobolds (D:8)
466 creatures vanquished.

Vanquished Creatures (others)
  A deep elf master archer (Elf:3)
  A hydra (D:15)
  2 centaur warriors (Vaults:2)
  A deep elf knight (Elf:3)
  A deep troll (Vaults:2)
  2 harpies (Vaults:1)
  4 deep elf archers (Elf:2)
  A deep elf pyromancer (Elf:1)
  5 dancing weapons
  A slime creature (D:14)
  An air elemental (Elf:2)
  A chaos spawn (D:14)
  2 ancestors (D:8)
  21 knights
  3 demonic plants (D:14)
  12 fungi
  64 plants
123 creatures vanquished.

Grand Total: 1477 creatures vanquished

Notes
Turn   | Place    | Note
-------+----------+-------------------------------------------
     0 | D:1      | PorkyPig the Gargoyle Earth Elementalist began the quest
                  | for the Orb.
     0 | D:1      | Reached XP level 1. HP: 10/10 MP: 3/3
   119 | D:1      | Reached XP level 2. HP: 7/15 MP: 0/5
   999 | D:1      | Reached XP level 3. HP: 19/19 MP: 3/6
  1356 | D:2      | Noticed Sigmund
  1363 | D:2      | Killed Sigmund
  1364 | D:2      | Reached skill level 1 in Maces & Flails
  1364 | D:2      | Reached skill level 3 in Spellcasting
  1364 | D:2      | Reached skill level 5 in Earth Magic
  1364 | D:2      | Reached XP level 4. HP: 10/24 MP: 3/8
  1364 | D:2      | Reached XP level 5. HP: 12/28 MP: 3/9
  1683 | D:2      | Found a faded altar of an unknown god.
  2048 | D:2      | You fall into a shaft and drop 2 floors!
  2374 | D:2      | Reached XP level 6. HP: 33/33 MP: 8/10
  2617 | D:3      | Noticed Natasha
  2632 | D:3      | Killed Natasha
  2689 | D:3      | Noticed Natasha
  2696 | D:3      | Killed Natasha
  2697 | D:3      | Reached skill level 1 in Conjurations
  2735 | D:3      | Found an ornate altar of the Wu Jian Council.
  2813 | D:3      | Found an ancient bone altar of Kikubaaqudgha.
  3060 | D:3      | Reached skill level 1 in Fighting
  3297 | D:3      | Noticed Robin
  3301 | D:3      | Killed Robin
  3451 | D:3      | Noticed Natasha
  3468 | D:3      | Killed Natasha
  3469 | D:3      | Reached XP level 7. HP: 38/38 MP: 10/12
  3738 | D:4      | Identified the +1 short sword of Eternal Vigilance {drain,
                  | rPois rN+ Str+2 Int+3}
  4179 | D:4      | Reached skill level 1 in Throwing
  4181 | D:4      | Reached skill level 4 in Spellcasting
  4223 | D:4      | Found a bloodstained altar of Trog.
  4519 | D:4      | Identified a scroll of acquirement
  4519 | D:4      | Acquired the +2 pair of boots "Quacwoma" {rN+}
  4565 | D:5      | Entered Level 5 of the Dungeon
  4671 | D:5      | Found an opulent altar of Gozag.
  4679 | D:5      | Found a white marble altar of Elyvilon.
  5026 | D:5      | Found a glowing golden altar of the Shining One.
  5042 | D:5      | Found a runed translucent door.
  5042 | D:5      | Noticed sigtrap's ghost (novice KoBr)
  5066 | D:5      | Reached XP level 8. HP: 43/43 MP: 14/14
  5476 | D:5      | Noticed Edmund
  5522 | D:5      | Killed Edmund
  5691 | D:5      | Found a staircase to the Ecumenical Temple.
  5702 | Temple   | Entered the Ecumenical Temple
  5754 | Temple   | Became a worshipper of Hepliaklqana the Forgotten
  5866 | D:5      | Acquired the +2 cloak of the Leaf {Str+6}
  6237 | D:6      | Reached skill level 5 in Spellcasting
  6308 | D:6      | Learned a level 3 spell: Stone Arrow
  6694 | D:6      | Reached XP level 9. HP: 48/48 MP: 7/17
  7017 | D:6      | Reached skill level 1 in Ranged Weapons
  7224 | D:7      | Noticed Pikel
  7255 | D:7      | Killed Pikel
  7256 | D:7      | Reached skill level 6 in Spellcasting
  7256 | D:7      | Reached skill level 5 in Conjurations
  7503 | D:7      | Reached * piety under Hepliaklqana
  7561 | D:7      | Noticed Joseph
  7571 | D:7      | Killed Joseph
  8140 | D:8      | Reached skill level 7 in Spellcasting
  8192 | D:8      | Reached skill level 1 in Poison Magic
  8255 | D:8      | Reached XP level 10. HP: 48/48 MP: 16/20
  9510 | D:9      | Found Hadad-Baal's Dragon-Slaying Spoils.
  9514 | D:9      | Noticed a two-headed ogre
  9522 | D:9      | Killed a two-headed ogre
  9728 | D:9      | Noticed an elephant
  9736 | D:9      | Killed an elephant
  9737 | D:9      | Reached skill level 8 in Spellcasting
  9737 | D:9      | Reached skill level 1 in Evocations
  9814 | D:9      | Found a staircase to the Lair.
  9838 | D:9      | Reached ** piety under Hepliaklqana
  9839 | D:9      | Remembered your ancestor Kobeni as a knight
 10022 | D:9      | Noticed a gargoyle
 10028 | D:9      | Killed a gargoyle
 10181 | D:9      | Identified the +5 leather armour of Repulsion {Rampage}
 10416 | D:9      | Noticed an ice statue
 10598 | Lair:1   | Entered Level 1 of the Lair of Beasts
 10614 | Lair:1   | Reached XP level 11. HP: 54/54 MP: 23/23
 10638 | Lair:1   | Noticed Amaemon
 10648 | Lair:1   | Reached skill level 1 in Axes
 10648 | Lair:1   | Killed Amaemon
 10798 | Lair:1   | Noticed a seven-headed hydra
 10806 | Lair:1   | Killed a seven-headed hydra
 11076 | Lair:1   | Reached skill level 5 in Ranged Weapons
 11403 | Lair:1   | Reached skill level 9 in Spellcasting
 11412 | Lair:1   | Reached skill level 5 in Poison Magic
 11501 | Lair:1   | Reached *** piety under Hepliaklqana
 11768 | Lair:1   | Noticed a death yak
 11804 | Lair:1   | Killed a death yak
 11805 | Lair:1   | Noticed a death yak
 11814 | Lair:1   | Reached skill level 1 in Shields
 11843 | Lair:1   | Killed a death yak
 11844 | Lair:1   | Reached skill level 5 in Maces & Flails
 11844 | Lair:1   | Reached XP level 12. HP: 49/60 MP: 12/25
 12157 | Lair:1   | Noticed a catoblepas
 12169 | Lair:1   | Killed a catoblepas
 12170 | Lair:1   | Reached skill level 10 in Earth Magic
 12175 | Lair:1   | Learned a level 4 spell: Olgreb's Toxic Radiance
 12537 | Lair:2   | Noticed a five-headed hydra
 12548 | Lair:2   | Killed a five-headed hydra
 12999 | Lair:2   | Found a hole to the Spider Nest.
 13012 | Lair:2   | Noticed a seven-headed hydra
 13020 | Lair:2   | Killed a seven-headed hydra
 13432 | Lair:3   | Reached skill level 10 in Spellcasting
 13433 | Lair:3   | Reached skill level 5 in Fighting
 13542 | Lair:3   | Reached **** piety under Hepliaklqana
 13637 | Lair:3   | Reached skill level 5 in Stealth
 14057 | Lair:3   | Found a staircase to the Shoals.
 14766 | Lair:4   | Reached XP level 13. HP: 56/65 MP: 21/27
 14805 | Lair:4   | Reached skill level 11 in Spellcasting
 15050 | Lair:4   | Reached ***** piety under Hepliaklqana
 15735 | Lair:4   | Upgraded the game from 0.29.1-14-g9c671dbff4 to
                  | 0.29.1-15-g9cfb28693d
 15888 | D:10     | Entered Level 10 of the Dungeon
 15899 | D:10     | Noticed Lodul
 15908 | D:10     | Killed Lodul
 16257 | D:10     | Noticed Fannar
 16280 | D:10     | Killed Fannar
 16382 | D:10     | Noticed Gastronok
 16393 | D:10     | Killed Gastronok
 16814 | D:10     | Noticed Harold
 16822 | D:10     | Killed Harold
 17055 | D:10     | Found Firghemo's Gadget Gallery.
 17295 | D:11     | Found Ymayd's Jewellery Shop.
 17300 | D:11     | Reached skill level 12 in Spellcasting
 18348 | D:11     | Found a staircase to the Orcish Mines.
 18610 | D:12     | Reached skill level 1 in Hexes
 19406 | D:12     | Gained mutation: Your large and strong wings let you fly.
                  | [Gargoyle growth]
 19406 | D:12     | Reached XP level 14. HP: 71/71 MP: 23/30
 20223 | D:9      | Got Boont's Verses on Shapes
 20363 | Lair:5   | Entered Level 5 of the Lair of Beasts
 20368 | Lair:5   | Reached skill level 1 in Armour
 20375 | Lair:5   | Reached skill level 13 in Spellcasting
 20386 | Lair:5   | Found a staircase to the Slime Pits.
 20387 | Lair:5   | Found a viscous altar of Jiyva.
 20400 | Lair:5   | Found a gate leading to a gauntlet.
 20409 | Gauntlet | Entered a Gauntlet
 20409 | Gauntlet | Found a transporter.
 20409 | Gauntlet | Found a transporter.
 20423 | Gauntlet | Found a transporter.
 20441 | Gauntlet | Found a transporter.
 20441 | Gauntlet | Found a transporter.
 20446 | Gauntlet | Found a transporter.
 20446 | Gauntlet | Found a transporter.
 20448 | Gauntlet | Noticed a reaper
 20449 | Gauntlet | Found a transporter.
 20463 | Gauntlet | Found a transporter.
 20468 | Gauntlet | Found a runed translucent door.
 20475 | Gauntlet | Found a transporter.
 20482 | Gauntlet | Noticed a dire elephant
 20485 | Gauntlet | Found a transporter.
 20490 | Gauntlet | Found a transporter.
 20536 | Gauntlet | Found a transporter.
 20549 | Gauntlet | Found a transporter.
 21073 | Gauntlet | Identified the +5 arbalest "Spiderbane" {flame, rElec rPois
                  | Str-5}
 21343 | Lair:5   | Noticed Nessos
 21603 | Lair:5   | Found a hide-covered altar of Uskayaw.
 21683 | Lair:5   | Noticed Urug
 21689 | Lair:5   | Killed Urug
 21942 | Lair:5   | Killed Nessos
 22894 | Lair:5   | Found a runed translucent door.
 23002 | Lair:5   | Reached skill level 1 in Polearms
 23013 | Lair:5   | Reached skill level 5 in Dodging
 23014 | Lair:5   | Reached XP level 15. HP: 67/75 MP: 24/32
 23082 | Lair:5   | Reached skill level 14 in Spellcasting
 24397 | Lair:1   | Acquired 705 gold pieces
 24406 | Lair:1   | Learned a level 3 spell: Tukima's Dance
 24411 | Lair:1   | Learned a level 4 spell: Leda's Liquefaction
 24485 | Orc:1    | Entered Level 1 of the Orcish Mines
 24574 | Orc:2    | Entered Level 2 of the Orcish Mines
 24599 | Orc:2    | Found a staircase to the Elven Halls.
 24601 | Orc:2    | Noticed Erolcha
 24607 | Orc:2    | Killed Erolcha
 24724 | Orc:2    | Reached ****** piety under Hepliaklqana
 25097 | Orc:2    | Reached skill level 1 in Translocations
 25922 | Orc:2    | Found Fothro's Assorted Antiques.
 25922 | Orc:2    | Found Gopideh's Distillery.
 25925 | Orc:2    | Found Sebb's Distillery.
 25925 | Orc:2    | Found Geupneut's Weapon Shop.
 25939 | Orc:2    | Bought a potion of heal wounds for 65 gold pieces
 26367 | Orc:1    | Noticed an orc warlord
 26943 | Orc:1    | Killed an orc warlord
 27252 | D:9      | Bought the quicksilver dragon scales "Gyin" {Will+ rCorr}
                  | for 1016 gold pieces
 27809 | D:13     | Noticed Sonja
 27815 | D:13     | Killed Sonja
 28831 | D:13     | Found a gate to the Vaults.
 29052 | D:11     | Bought a ring of fire for 375 gold pieces
 30166 | D:14     | Reached skill level 15 in Spellcasting
 30778 | D:14     | Reached XP level 16. HP: 82/82 MP: 35/35
 31149 | D:14     | Learned a level 3 spell: Portal Projectile
 31571 | Spider:1 | Entered Level 1 of the Spider Nest
 33368 | Spider:2 | Reached skill level 1 in Transmutations
 33685 | Spider:2 | Reached skill level 16 in Spellcasting
 34046 | Orc:2    | Bought the +7 hand axe of Defence {vamp, *Noise rCorr Str+8
                  | Int-4} for 922 gold pieces
 34636 | Spider:2 | Noticed Jorgrun
 34650 | Spider:2 | Killed Jorgrun
 35269 | Lair:1   | Learned a level 4 spell: Petrify
 35274 | Lair:1   | Learned a level 4 spell: Hailstorm
 35311 | Shoals:1 | Entered Level 1 of the Shoals
 35605 | Shoals:1 | Reached XP level 17. HP: 87/87 MP: 31/37
 35736 | Shoals:1 | Found Seipousm's CLEARANCE SALE!.
 35743 | Shoals:1 | Bought a scroll of enchant weapon for 45 gold pieces
 35862 | Shoals:1 | Found a runed translucent gate.
 35863 | Shoals:1 | Found a runed translucent gate.
 35864 | Shoals:1 | Found a runed translucent gate.
 35865 | Shoals:1 | Noticed rhet's ghost (adept KoDe)
 35896 | Shoals:1 | Identified the +0 scale mail "Ysenoate" {-Tele rN+ Int+4
                  | Dex+2}
 36708 | Spider:3 | Noticed Agnes
 36717 | Spider:3 | Killed Agnes
 37102 | Spider:3 | Identified Roxanne's Verses on Sculpting
 37102 | Spider:3 | Noticed Roxanne
 37848 | Spider:3 | Learned a level 2 spell: Passwall
 38343 | Lair:1   | Learned a level 5 spell: Alistair's Intoxication
 40490 | Spider:3 | Killed Roxanne
 41495 | Shoals:3 | Learned a level 5 spell: Irradiate
 41573 | Shoals:3 | Reached skill level 5 in Transmutations
 41580 | Shoals:3 | Reached skill level 5 in Hexes
 41710 | Shoals:3 | Learned a level 4 spell: Passage of Golubria
 42749 | Spider:4 | Entered Level 4 of the Spider Nest
 42759 | Spider:4 | Reached skill level 5 in Translocations
 42952 | Spider:4 | Reached skill level 17 in Spellcasting
 42973 | Spider:4 | Reached skill level 5 in Armour
 43639 | Spider:4 | Reached XP level 18. HP: 93/93 MP: 35/39
 44290 | Spider:4 | Noticed Kirke
 44301 | Spider:4 | Killed Kirke
 44305 | Spider:4 | Reached skill level 10 in Ranged Weapons
 45263 | Spider:4 | Got a gossamer rune of Zot
 45275 | Spider:4 | Identified the +1 hat of Lucidity {Int+5}
 45408 | Spider:4 | Reached XP level 19. HP: 97/97 MP: 40/40
 45623 | Lair:1   | Learned a level 5 spell: Yara's Violent Unravelling
 45731 | Shoals:4 | Entered Level 4 of the Shoals
 45827 | Shoals:4 | Found an iron altar of Okawaru.
 46404 | Shoals:4 | Paralysed by an air elemental for 1 turns
 46409 | Shoals:4 | Paralysed by an air elemental for 1 turns
 46708 | Shoals:4 | Paralysed by an air elemental for 1 turns
 46973 | Shoals:4 | Identified the amulet of Hard Scrabble {Regen+ Dex+4}
 47217 | Shoals:4 | Paralysed by an air elemental for 1 turns
 47232 | Shoals:4 | Reached skill level 18 in Spellcasting
 47634 | Shoals:4 | Got a barnacled rune of Zot
 48367 | Lair:1   | Learned a level 4 spell: Flame Wave
 48463 | Elf:1    | Entered Level 1 of the Elven Halls
 49647 | Elf:1    | Got Kuggeck's Quarto of Collective Conjuration
 49850 | Elf:1    | Reached XP level 20. HP: 104/104 MP: 26/42
 50570 | Elf:2    | Found Nigud's Weapon Boutique.
 51846 | Elf:2    | Paralysed by an air elemental for 1 turns
 52230 | Elf:2    | Found a huge runed translucent gate.
 52230 | Elf:2    | Found a huge runed translucent gate.
 52230 | Elf:2    | Found a huge runed translucent gate.
 52231 | Elf:2    | Found a huge runed translucent gate.
 52232 | Elf:2    | Found a huge runed translucent gate.
 52297 | Elf:2    | Reached skill level 1 in Ice Magic
 52300 | Elf:2    | Reached skill level 19 in Spellcasting
 52302 | Elf:2    | Reached skill level 10 in Conjurations
 53220 | Elf:3    | Entered Level 3 of the Elven Halls
 53226 | Elf:3    | Found Hueguschi's Assorted Antiques.
 54231 | D:15     | Entered Level 15 of the Dungeon
 54323 | D:15     | Found a frozen archway.
 54349 | IceCv    | Entered an ice cave
 54752 | IceCv    | Reached XP level 21. HP: 78/108 MP: 40/44
 54769 | IceCv    | Reached skill level 10 in Fighting
 55350 | D:15     | Found a runed translucent gate.
 55350 | D:15     | Found a runed translucent gate.
 55351 | D:15     | Found a runed translucent gate.
 55351 | D:15     | Noticed Doiseav's ghost (weakling FoFi)
 55353 | D:15     | Identified the +0 chain mail of Failure {Int+4}
 55767 | D:15     | Found a staircase to the Depths.
 55825 | D:15     | Found a shimmering altar of Xom.
 55825 | D:15     | Found a shimmering altar of Xom.
 55911 | D:15     | Found a shimmering altar of Xom.
 55914 | D:15     | Found a shimmering altar of Xom.
 56586 | Elf:2    | Bought the +6 sling of the Madman {flame, rF+} for 793 gold
                  | pieces
 56653 | Elf:3    | Identified the ring of the Past {Fire rPois Dex+3}
 56936 | Elf:3    | Identified the +9 plate armour "Reasey" {Dex+5 Stlth+}
 57141 | Elf:3    | Reached skill level 20 in Spellcasting
 57546 | Elf:3    | Identified the +4 morningstar of Intuition {protect, rElec
                  | rF+ rN+}
 57685 | Elf:3    | Got the Meditations on Fulgurous Pyromania
 57688 | Elf:3    | Got the Secrets of the Traveller
 58328 | Elf:3    | Learned a level 3 spell: Swiftness
 58570 | Depths:1 | Entered Level 1 of the Depths
 58788 | Vaults:1 | Entered Level 1 of the Vaults
 59000 | Vaults:1 | Found Daseiriv's Weapon Emporium.
 59345 | Vaults:1 | Learned a level 4 spell: Iskenderun's Mystic Blast
 60329 | Vaults:1 | Reached XP level 22. HP: 115/115 MP: 27/46
 60805 | Vaults:2 | Killed from afar by a crystal guardian

Illustrated notes

Levels and vault maps discovered:
D:1:      dpeg_arrival_tiny_j, layout_basic, serial_forest,
          infiniplex_forest_lined_1, infiniplex_forest_fountain,
          infiniplex_forest_pool, infiniplex_forest_end_1,
          infiniplex_forest_end_1, infiniplex_forest_join
D:2:      layout_basic, basic_ecumenical_altar, uniq_sigmund
D:3:      layout_rooms, pdpol_wu_jian_five_deadly_venoms,
          nicolae_kikubaaqudgha_miasma_corner, uniq_robin, uniq_natasha
D:4:      layout_basic, trog_ov_bears_minmay, minivault_1
D:5:      layout_loops_corners, kennysheep_little_box,
          amethyst_overflow_temple_binary,
          minmay_temple_entry_statues_fountains, hellmonk_ghost_happy_afterlife,
          minmay_misc_feat_diagonals, uniq_edmund
D:6:      layout_loops_ring, minmay_misc_feat_rows
D:7:      layout_gridville, uniq_joseph, uniq_pikel
D:8:      layout_basic, ebering_dispersal_statue_hall
D:9:      lemuel_ice_statue, layout_irregular_city, david_lair_generic,
          nicolae_shop_dragon_depot
D:10:     layout_rooms, nicolae_shop_gadgets, uniq_harold, uniq_lodul,
          uniq_fannar, uniq_gastronok
D:11:     layout_layer_cave, david_orc_3, serial_shops, nicolae_stop_n_shop_2
D:12:     layout_loops_corners
D:13:     layout_basic, ximxim_vaults_locker_room, uniq_sonja
D:14:     layout_roguey, serial_demonic, serial_demonic_a, serial_demonic_a,
          serial_demonic_c, serial_demonic_f, kennysheep_two_boxes
D:15:     gammafunk_enter_depths_forms, layout_loops_cross,
          biasface_ghost_orc_armoury, portal_ice_cave_entry_dragon,
          minivault_14, xom_shifter_show
Temple:   kb_temple_of_zot
Lair:1:   layout_chaotic_city, serial_bayou_pond_a, st_stairs_13,
          grunt_forest_large_clearing_hut, grunt_megastairs_5,
          infiniplex_staircase_pool_2, uniq_amaemon
Lair:2:   layout_roguey, dummy_spider_entry
Lair:3:   layout_long_grid, minmay_shoals_entry_beasts, serial_bayou_pond_e
Lair:4:   layout_gridlike, special_room [special_room_bee], lemuel_fruit_fields
Lair:5:   hangedman_lair_caniforms_friends, layout_cave_shapes, wormcave,
          slime_entry_1, gauntlet_entry_generic, lemuel_centaur_altar,
          lemuel_fruit_tree, uniq_urug, uniq_nessos
Shoals:1: layout_shoals, gammafunk_ghost_necromancy, nicolae_shop_clearance
Shoals:2: layout_shoals
Shoals:3: cheibrodos_shoals_oceanic_diplomacy, layout_shoals
Shoals:4: shoals_end_hellmonk_storm_palace [storm_palace_center_ruins,
          storm_palace_corner_grid, storm_palace_corner_altar,
          storm_palace_corner_reverse_hut, storm_palace_corner_pillars]
Spider:1: layout_chambers, nicolae_spider_eight_legs
Spider:2: layout_spider_delve, uniq_jorgrun
Spider:3: layout_spider_delve, uniq_agnes, uniq_roxanne
Spider:4: grunt_spider_rune_parallel, spiders_nest_ghost_moth_duel, uniq_kirke
Orc:1:    layout_diamond_mine
Orc:2:    st_orc_mages, layout_diamond_mine, uniq_erolcha
Elf:1:    elf_arrival_001, layout_loops_corners, minmay_elf_sorcery
Elf:2:    elven_hall_of_blades_hangedman_alternative
          [nicolae_blade_entry_sentries_behind_glass], layout_onion_city,
          serial_shops, shop, nicolae_concentric_dashed_squares_mild
Elf:3:    elf_hall, layout_rooms, serial_glass, glass_columns_b,
          glass_columns_c, glass_columns_a, glass_columns_a, glass_columns_a,
          glass_columns_b, serial_shops, nicolae_shop_statue_plus
Vaults:1: v_pattern_5, vaults_room_semicircle, hangedman_vaults_slither,
          v_alt_pattern_4, vaults_room_grunt_arrival_ludios,
          hangedman_vaults_hat, nicolae_vaults_rhombus_5, grunt_vaults_focal,
          dpeg_vaults_monster_row, vaults_room_stairs_pillars,
          ontoclasm_vaults_eye, vaults_room_door_ring, layout_vaults_omnibox,
          serial_shops, nicolae_shop_bloodbath_and_beyond
Vaults:2: portal_desolation_entry_garden, minmay_crypt_entry_simple_corners,
          vaults_mumra_minichess, vaults_dpeg_hooks,
          nicolae_vaults_display_case, hangedman_vaults_stream,
          hangedman_vaults_stitches, vaults_mumra_minichess_inversion,
          ontoclasm_vaults_ring_large, vaults_mumra_chevron,
          nicolae_vaults_little_squares_5, ontoclasm_vaults_chip,
          grunt_vaults_diagonal, vaults_dpeg_diagonal,
          vaults_dpeg_emergency_exit, nicolae_vaults_sealed_display,
          v_alt_pattern_4, nicolae_vaults_little_squares_6,
          layout_vaults_omnicross
Depths:1: layout_big_octagon, enter_ziggurat_d, hangedman_decor_points,
          nicolae_hell_entry_hellmouth_sunbeams, nemelex_altar_shiori

Skill      XL: |  1  2  3  4  5  6  7  8  9 10 11 12 13 14 15 16 17 18 19 20 21 |
---------------+----------------------------------------------------------------+-----
Earth Magic    | 4 5 6 7 8 9 10 11 12 13 14 | 14.1
Maces & Flails | 1 2 3 4 5 6 7 8 |  8.2
Dodging        | 2 3 4 5 6 |  6.2
Spellcasting   | 3 4 5 7 8 9 10 12 13 15 16 17 18 19 20 | 20.6
Stealth        | 3 4 5 6 |  6.7
Conjurations   | 1 2 4 5 6 7 8 9 10 12 | 12.5
Fighting       | 1 2 3 4 5 6 7 8 9 10 | 10.7
Throwing       | 1 2 |  2.4
Ranged Weapons | 3 4 5 6 7 8 9 10 11 12 | 12.9
Poison Magic   | 1 4 5 7 8 9 |  9.4
Evocations     | 1 3 |  3.6
Axes           | 1 2 3 |  3.9
Shields        | 1 2 3 |  3.3
Hexes          | 1 4 5 6 7 |  7.6
Armour         | 2 3 4 5 6 |  6.9
Polearms       | 1 2 |  2.3
Translocations | 3 4 5 |  5.1
Transmutations | 2 5 6 |  6.2
Air Magic      | 4 |  4.0
Ice Magic      | 1 |  1.2
Staves         | |  0.3
Fire Magic     | |  0.2

Action                   |  1- 3 |  4- 6 |  7- 9 | 10-12 | 13-15 | 16-18 | 19-21 | 22-24 || total
-------------------------+-------+-------+-------+-------+-------+-------+-------+-------++-------
Melee: Whip              |    72 |   115 |    94 |   147 |   329 |   171 |    81 |       ||  1009
       Punch             |     1 |       |       |       |     3 |     2 |     2 |       ||     8
       Hand axe          |       |       |    54 |     9 |    14 |    44 |    18 |       ||   139
       Flail             |       |       |    48 |    29 |       |    15 |    19 |       ||   111
       Spear             |       |       |       |       |     7 |       |       |       ||     7
       Glaive            |       |       |       |       |     4 |       |       |       ||     4
       Trident           |       |       |       |       |       |     5 |     9 |       ||    14
       Staff             |       |       |       |       |       |     5 |       |       ||     5
       Battleaxe         |       |       |       |       |       |       |    23 |       ||    23
       Dire flail        |       |       |       |       |       |       |    28 |       ||    28
       Executioner's axe |       |       |       |       |       |       |    11 |       ||    11
       Morningstar       |       |       |       |       |       |       |     1 |     7 ||     8
 Fire: Sling             |       |       |    30 |   100 |    49 |       |    17 |       ||   196
       Arbalest          |       |       |       |       |    44 |   119 |   450 |     4 ||   617
       Shortbow          |       |       |       |       |    53 |   102 |     2 |       ||   157
       Longbow           |       |       |       |       |   129 |   164 |     3 |       ||   296
Throw: Dart              |     6 |     4 |    23 |       |     8 |       |       |       ||    41
       Boomerang         |       |    17 |     4 |       |       |       |       |       ||    21
       Throwing net      |       |       |       |       |     1 |       |       |       ||     1
       Javelin           |       |       |       |       |       |     1 |       |       ||     1
 Cast: Sandblast         |    14 |    47 |    69 |    54 |    94 |    58 |    45 |     1 ||   382
       Stone Arrow       |       |       |    21 |    74 |   211 |   141 |   118 |     5 ||   570
       Olgreb's Toxic Ra |       |       |       |     7 |   100 |   104 |   106 |     3 ||   320
       Tukima's Dance    |       |       |       |       |    43 |    11 |     6 |       ||    60
       Leda's Liquefacti |       |       |       |       |     8 |     9 |     4 |       ||    21
       Hailstorm         |       |       |       |       |       |    19 |     5 |     1 ||    25
       Petrify           |       |       |       |       |       |     9 |     1 |       ||    10
       Alistair's Intoxi |       |       |       |       |       |     3 |     1 |       ||     4
       Passage of Golubr |       |       |       |       |       |     2 |       |       ||     2
       Irradiate         |       |       |       |       |       |     3 |     6 |       ||     9
       Portal Projectile |       |       |       |       |       |     1 |     1 |       ||     2
       Yara's Violent Un |       |       |       |       |       |       |    45 |     4 ||    49
       Flame Wave        |       |       |       |       |       |       |     4 |       ||     4
       Iskenderun's Myst |       |       |       |       |       |       |     2 |       ||     2
Invok: Ancestor Identity |       |       |     1 |       |       |       |       |       ||     1
       Ancestor Life: Kn |       |       |       |     1 |       |       |       |       ||     1
       Recall Ancestor   |       |       |       |       |       |     2 |     1 |       ||     3
Evoke: Wand              |       |       |     4 |     9 |     4 |     9 |     7 |     2 ||    35
  Use: Scroll            |       |       |    19 |     6 |    12 |     4 |     5 |     1 ||    47
       Potion            |       |       |     6 |     3 |     3 |    11 |     4 |     1 ||    28
 Stab: Sleeping          |       |     3 |     5 |     1 |     4 |     1 |     1 |       ||    15
       Distracted        |       |     1 |     1 |     1 |     7 |     5 |     4 |       ||    19
       Invisible         |       |       |       |       |       |     2 |       |       ||     2
       Petrified         |       |       |       |       |       |     5 |       |       ||     5
Armor: Robe              |    22 |    57 |   105 |       |     3 |       |       |       ||   187
       Skin              |       |       |    31 |    42 |       |       |       |       ||    73
       Steam dragon scal |       |       |       |    95 |    31 |       |       |       ||   126
       Troll leather arm |       |       |       |       |   111 |       |       |       ||   111
       Quicksilver drago |       |       |       |       |    89 |   333 |   292 |    12 ||   726
       Fire dragon scale |       |       |       |       |     6 |       |       |       ||     6
       Scale mail        |       |       |       |       |       |     8 |       |       ||     8
       Chain mail        |       |       |       |       |       |       |     2 |       ||     2
Dodge: Dodged            |    46 |    87 |   158 |   108 |   275 |   262 |   241 |    12 ||  1189
Block: Orb               |       |       |       |    52 |    28 |       |       |       ||    80
       Reflection        |       |       |       |     1 |    11 |     8 |     1 |       ||    21
       Other             |       |       |       |       |    61 |    88 |    10 |       ||   159
       Buckler           |       |       |       |       |    19 |       |       |       ||    19
